 Dungeon Crawl Stone Soup version 0.17.1-3-g152610e (webtiles) character file.

10266 Fartwhistle the Tainter (level 11, -1/68 HPs)
             Began as a Mummy Venom Mage on Feb 26, 2016.
             Was a Believer of Sif Muna.
             Slain by Maud
             ... wielding a +2 great sword of protection
              (32 damage)
             ... on level 10 of the Dungeon.
             The game lasted 01:06:27 (18999 turns).

Fartwhistle the Tainter (Mummy Venom Mage)         Turns: 18999, Time: 01:06:27

Health: -1/68      AC:  9    Str: 11    XL:     11   Next: 33%
Magic:  1/32       EV: 13    Int: 19    God:    Sif Muna [**....]
Gold:   500        SH:  0    Dex: 12    Spells: 4 memorised, 13 levels left

rFire  x . .     SeeInvis .     m - +5 dagger (protect)
rCold  + . .     Clarity  .     B - +1 robe
rNeg   + + +     SustAt   .     (no shield)
rPois  ∞         Gourm    .     (no helmet)
rElec  .         Spirit   .     (no cloak)
rCorr  +         Warding  .     (no gloves)
rMut   .         Stasis   .     k - +0 pair of boots
MR     +....                    j - amulet of resist corrosion
Stlth  +++.......               i - ring of magical power
                                h - ring of stealth

@: somewhat resistant to hostile enchantments, fairly stealthy
A: no food or potions, fire vulnerability, cold resistance 1, negative energy
resistance 3, torment resistance, unbreathing
a: Channel Energy, Forget Spell, Renounce Religion


You were on level 10 of the Dungeon.
You worshipped Sif Muna.
Sif Muna was pleased with you.
You were not hungry.

You visited 3 branches of the dungeon, and saw 12 of its levels.
You also visited: Ossuary.

You collected 500 gold pieces.

Inventory:

Hand Weapons
 f - a +0 hunting sling
 m - a +5 dagger of protection (weapon)
 s - a +0 demon whip
 y - a +0 blowgun
 z - the +7 Singing Sword
   (You found it on level 7 of the Dungeon)
Missiles
 c - 34 poisoned needles
 e - 326 stones (quivered)
 q - 48 sling bullets
 w - 7 tomahawks of returning
Armour
 k - a +0 pair of boots (worn)
 B - a +1 robe (worn)
Jewellery
 h - a ring of stealth (left hand)
 i - a ring of magical power (right hand)
 j - an amulet of resist corrosion (around neck)
Wands
 u - a wand of paralysis (5)
 C - a wand of enslavement (8)
Scrolls
 a - a scroll of summoning
 d - 6 scrolls of remove curse
 g - 3 scrolls of teleportation
 l - 3 scrolls of vulnerability
 n - 3 scrolls of enchant armour
 o - a scroll of fog
 p - a scroll of recharging
 r - 3 scrolls of identify
 t - a scroll of immolation
 v - 2 scrolls of amnesia
 x - a scroll of magic mapping
 A - a scroll of blinking
Books
 b - a Young Poisoner's Handbook

   Spells                             Type                      Level
   a - Sting                          Conjuration/Poison           1
   b - Cure Poison                    Poison                       2
   c - Mephitic Cloud                 Conjuration/Poison/Air       3
   d - Olgreb's Toxic Radiance        Poison                       4
   e - Venom Bolt                     Conjuration/Poison           5


   Skills:
 - Level 3.2 Short Blades
 + Level 3.7 Armour
 - Level 4.0 Dodging
 - Level 1.5 Stealth
 + Level 8.3 Spellcasting
 + Level 7.1 Conjurations
 - Level 1.9 Air Magic
 + Level 9.3 Poison Magic


You had 13 spell levels left.
You knew the following spells:

 Your Spells              Type           Power        Failure   Level  Hunger
a - Sting                 Conj/Pois      ####         1%          1    N/A
b - Mephitic Cloud        Conj/Pois/Air  ####....     1%          3    N/A
c - Olgreb's Toxic Radia  Pois           #####...     1%          4    N/A
d - Venom Bolt            Conj/Pois      #####.....   12%         5    N/A

Dungeon Overview and Level Annotations

Branches:
Dungeon (10/15)            Temple (1/1) D:5            Lair (1/8) D:9
    Orc (0/4) D:9

Altars:
Ashenzari
Cheibriados
Dithmenos
Elyvilon
Fedhas
Gozag
Kikubaaqudgha
Makhleb
Nemelex Xobeh
Okawaru
Qazlal
Ru
Sif Muna
Trog
Vehumet
Yredelemnul
Zin
The Shining One

Shops:
D:7 ==[

Portals:
Trove: D:10 (show slimy rune of Zot)

Annotations:
D:4 Menkaure; kaze's ghost, novice TrBe
D:10 Maud


Innate Abilities, Weirdness & Mutations

You do not eat or drink.
Your flesh is vulnerable to fire.
You are immune to poison.
Your flesh is cold resistant.
You are immune to negative energy.
You are immune to unholy pain and torment.
You can survive without breathing.


Message History

Casting: Mephitic Cloud
Confirm with . or Enter, or press ? or * to list all spells.
You don't have enough magic to cast that spell.
Things that are here:
a mace; a chain mail; an orc corpse Maud hits you with a great sword of protection!!
Things that are here:
a chain mail; a fizzy yellow potion Maud hits you with a great sword of protection!!
Maud frowns.
Casting: Mephitic Cloud
Confirm with . or Enter, or press ? or * to list all spells.
Aiming: Mephitic Cloud
Press: ? - help, Shift-Dir - straight line, f/p - Maud
Aim: Maud, wielding a great sword of protection and wearing a chain mail (heavily wounded, poisoned)
The ball explodes into a vile cloud!
The stinking cloud engulfs Maud.
Maud is heavily wounded.
The stinking cloud engulfs you!
Maud is engulfed in noxious fumes.
Maud hits you with a great sword of protection!!
You die...

.# #.##.# #.## ##.. .. #.##.#
#.!###.#. #. #.##.# #.#.#.##. #.
#.##.# #.##.###.
#.#####.##.###### #.#### #.
#.)....)........# #.# #.
.....[.>......#§# #.# #.
#######.#[....#@#########.######.
#....).......@.<.....#.##.....
#.##.#.....#.###.###.#.##.#### #
#.#...#.#.# #.###.#.##.#
#.#.......# #.....#.##.#
#.#####.### #.##..#.##.#### #.#
#.#####.............. #.#
#.>.....###.####.#### # #.
######### #.# #.# #.##. ##### #.#
#.#


You could see Maud.

Vanquished Creatures
  Erica (D:8)
  Nergalle (D:10)
  Maurice (D:10)
  A centaur skeleton (D:10)
  A two-headed ogre (D:8)
  A deep elf mage (D:9)
  2 hungry ghosts
  A basilisk (D:9)
  Grum (D:9)
  4 wolves (D:9)
  2 water moccasins
  9 porcupines
  2 ice beasts
  A necrophage (D:9)
  4 sky beasts
  A black bear (D:8)
  5 ogres
  4 orc warriors
  2 phantoms
  2 centaurs
  5 crocodiles
  A big kobold (D:7)
  9 giant frogs
  3 jellies
  11 scorpions
  6 killer bees
  3 hounds
  5 wights (D:6)
  A quasit (D:9)
  7 crimson imps
  2 giant frog skeletons
  2 centaur zombies
  7 orc priests
  17 orc wizards
  2 iguanas
  7 worker ants
  A killer bee zombie (D:8)
  12 sheep (D:9)
  A big kobold zombie (Ossuary)
  A mummy (D:5)
  A hound skeleton (D:4)
  A worker ant zombie (D:7)
  12 adders
  7 gnolls
  2 river rats (D:9)
  2 oozes
  An adder zombie (D:7)
  4 worms
  2 adder skeletons
  6 giant geckos
  41 orcs
  3 ball pythons
  6 giant cockroaches
  11 hobgoblins
  14 jackals
  17 kobolds
  3 quokkas
  10 bats
  4 giant newts
  9 goblins
  A goblin zombie (Ossuary)
  8 hobgoblin zombies (Ossuary)
  8 kobold zombies (Ossuary)
  5 orc zombies (Ossuary)
  A quokka skeleton (D:5)
  5 rats
  A rat zombie (Ossuary)
334 creatures vanquished.

Vanquished Creatures (others)
  3 bushes (D:9)
  5 fungi
  8 plants (D:9)
16 creatures vanquished.

Grand Total: 350 creatures vanquished

Notes
Turn   | Place    | Note
--------------------------------------------------------------
     0 | D:1      | Fartwhistle the Mummy Venom Mage began the quest for the Orb.
     0 | D:1      | Reached XP level 1. HP: 13/13 MP: 3/3
   398 | D:1      | Reached XP level 2. HP: 13/19 MP: 5/5
  1552 | D:1      | Reached XP level 3. HP: 24/24 MP: 1/6
  2143 | D:2      | Learned a level 3 spell: Mephitic Cloud
  2455 | D:2      | Reached skill level 4 in Poison Magic
  2682 | D:2      | Reached skill level 1 in Conjurations
  2814 | D:2      | Reached XP level 4. HP: 30/30 MP: 7/7
  2957 | D:2      | Found a glowing golden altar of the Shining One.
  3155 | D:3      | Reached skill level 1 in Air Magic
  3184 | D:3      | Reached XP level 5. HP: 32/35 MP: 8/9
  3250 | D:3      | Learned a level 4 spell: Olgreb's Toxic Radiance
  5032 | D:4      | Noticed a phantom
  5041 | D:4      | Noticed kaze's ghost (novice TrBe)
  5245 | D:3      | Killed a phantom
  5245 | D:3      | Reached skill level 5 in Poison Magic
  5245 | D:3      | Reached XP level 6. HP: 31/41 MP: 10/10
  5536 | D:4      | Found a shattered altar of Ashenzari.
  6532 | D:4      | Noticed Menkaure
  6897 | D:4      | Found a sacrificial altar of Ru.
  7016 | D:5      | Entered Level 5 of the Dungeon
  7135 | D:5      | Reached XP level 7. HP: 43/46 MP: 12/12
  7136 | D:5      | Found a staircase to the Ecumenical Temple.
  7146 | Temple   | Entered the Ecumenical Temple
  7470 | D:5      | Found a sand-covered staircase.
  7475 | Ossuary  | Entered an ossuary
  8287 | D:5      | HP: 2/46 [mummy (6)]
  8847 | D:5      | Reached skill level 1 in Short Blades
  9370 | D:6      | Reached skill level 6 in Poison Magic
  9622 | D:6      | Reached XP level 8. HP: 47/52 MP: 14/14
  9676 | D:6      | Learned a level 5 spell: Venom Bolt
 11333 | D:7      | Reached skill level 7 in Poison Magic
 11453 | D:7      | Reached skill level 5 in Spellcasting
 11577 | D:7      | Reached XP level 9. HP: 55/57 MP: 16/16
 12291 | D:7      | Found Utaicysk's Jewellery Emporium.
 12425 | D:7      | Found Sudem's Jewellery Boutique.
 12429 | D:7      | Found Wuvoosk's Antique Armour Emporium.
 12831 | D:8      | Noticed Erica
 12853 | D:8      | Killed Erica
 12853 | D:8      | Reached skill level 5 in Conjurations
 13004 | D:8      | Reached skill level 8 in Poison Magic
 13083 | D:8      | Found a basalt altar of Yredelemnul.
 13092 | D:8      | Found a stormy altar of Qazlal.
 13750 | D:8      | Reached XP level 10. HP: 63/63 MP: 17/19
 13933 | D:8      | Found a blossoming altar of Fedhas.
 14673 | D:9      | Found a staircase to the Orcish Mines.
 14877 | D:9      | Found a deep blue altar of Sif Muna.
 14880 | D:9      | Became a worshipper of Sif Muna the Loreminder
 15288 | D:9      | Reached skill level 1 in Armour
 15502 | D:9      | Noticed Grum
 15521 | D:9      | Reached * piety under Sif Muna
 15535 | D:9      | Killed Grum
 15970 | D:9      | Reached skill level 9 in Poison Magic
 16060 | D:9      | Found a staircase to the Lair.
 16714 | Lair:1   | Entered Level 1 of the Lair of Beasts
 16729 | Lair:1   | Reached ** piety under Sif Muna
 16729 | Lair:1   | Reached XP level 11. HP: 68/68 MP: 17/22
 17122 | Lair:1   | Noticed a black mamba
 17612 | D:10     | Entered Level 10 of the Dungeon
 17733 | D:10     | Noticed Maurice
 17744 | D:10     | Noticed Maud
 17749 | D:10     | Killed Maurice
 18249 | D:10     | Noticed Nergalle
 18275 | D:10     | Killed Nergalle
 18795 | D:10     | Found a portal to a secret trove of treasure.
 18999 | D:10     | Slain by Maud

Action                   |  1- 3 |  4- 6 |  7- 9 | 10-12 || total
-------------------------+-------+-------+-------+-------++-------
Melee: Spear             |   108 |   151 |       |       ||   259
       Dagger            |     4 |   104 |   586 |   377 ||  1071
       Unarmed           |     3 |       |       |       ||     3
       Demon whip        |       |       |       |    10 ||    10
       Double sword      |       |       |       |     5 ||     5
 Fire: Hunting sling     |       |       |    12 |       ||    12
Throw: Stone             |       |     7 |    34 |     1 ||    42
 Cast: Sting             |    54 |    88 |   105 |   124 ||   371
       Mephitic Cloud    |     3 |    13 |    25 |    55 ||    96
       Olgreb's Toxic Ra |       |     5 |    15 |    36 ||    56
Evoke: Wand              |       |       |       |     3 ||     3
  Use: Scroll            |       |     8 |     4 |     3 ||    15
 Stab: Sleeping          |     2 |     2 |     6 |     3 ||    13
       Confused          |     1 |     6 |     1 |    10 ||    18
       Distracted        |       |     1 |       |       ||     1
